← All builds
Geo / Armada / Economy first / OBSERVED BUILD

Standard geo

Armada Geo build order · Supreme Isthmus

Standard Geo economy opening leading into T2 constructor and Starlight units sent to front as the team's first T2 push.

Usually blows up the commander for T2 (67%)

#eco #t2 #push · 762 distinct matches · 111 players · 59% of Armada Geo games · team won 54% of 857 · Recently observed

HOW TO PLAY IT

Key timing: Geothermal Powerplant by 3:26

  1. Open mex and wind into Bot Lab.
  2. Rush geothermal for the early energy spike.
  3. Add Advanced Metal Extractor, then Advanced Geothermal by 7:07.
  4. Bring up Vehicle Plant alongside T2 con for "Starlight" and vehicles.
  5. Funnel "Starlight" and T1 vehicles to front, pay allies with cons and "Lazarus".

Phase by phase

TYPICAL OF ITS 762 GAMES
  1. 1
  2. 2
  3. 3
  4. 4
PLAY THE OPENING

Follow the example game's first 6:00 step by step: what to build now, what comes next, and where it goes. At 1× it keeps pace with your own game.

  1. 1

    Up to the Bot Lab

    Economy
    • Metal Extractor2Mex
    • Wind Turbine4Wind
    Order
    1. Bot LabBot Lab after 2 mex, 4 winddone ~1:12, middle half 0:58–1:22

    By 0:55 in all: 2 mex · 4 wind

    The example game in this phase · 3 steps
    1. Mex ×2
    2. Wind ×3
    3. Bot LabBot Labdone 0:52 · typical 1:12
  2. 2

    Bot Lab to 5:00

    Economy
    • Metal Extractor2Mex
    • Wind Turbine3Wind
    • Energy Converter8Converter
    • Energy Storage1Energy storage
    Order
    1. Geothermal PowerplantGeo after 4 mex, 5 wind, 1 energy storage
    Builders
    • Construction Turret5 Con turret
    • Lazarus4 Lazarus
    • Construction Bot2 Con bot
    • Construction Bot1 Con bot for allies
    • Lazarus1 Lazarus for allies

    By 5:00 in all: 4 mex · 7 wind · 1 geo · 8 converter · 1 energy storage · 5 con turret

    The example game in this phase · 22 steps
    1. Wind
    2. LazarusLazarus
    3. Wind
    4. Construction BotCon bot
    5. Wind
    6. LazarusLazarus
    7. Construction BotCon botfor Beach sea
    8. Mex
    9. Wind
    10. LazarusLazarusfor Beach sea
    11. Energy storage
    12. Mex
    13. Geothermal PowerplantGeodone 3:18 · typical 3:26
    14. Wind ×4
    15. Con turret ×3
    16. Converter ×3
    17. Con turret
    18. Converter ×2
    19. Con turret
    20. Converter ×5
    21. Radar TowerRadar Tower
    22. Wind ×4
  3. 3

    5:00 to Vehicle Plant

    Order
    1. Advanced Geothermal PowerplantAdvanced Geothermal Powerplant after 8 wind, 10 converter, 6 con turretin 59% of games
    2. Vehicle PlantVehicle Plant after 10 wind, 10 converter, 6 con turretdone ~7:07, middle half 6:41–7:40
    Builders
    • Construction Turret1 Con turret

    Some games also: converter (49%) · wind (47%)

    By 7:00 in all: 4 mex · 10 wind · 1 geo · 1 Advanced Geothermal Powerplant · 10 converter · 1 energy storage

    The example game in this phase · 8 steps
    1. Wind ×3
    2. Advanced Metal ExtractorT2 mexdone 5:35 · typical 5:34
    3. Wind
    4. Advanced Metal ExtractorT2 mex
    5. Wind
    6. Advanced Metal ExtractorT2 mex ×2
    7. Advanced Geothermal PowerplantAdvanced Geothermal Powerplantdone 6:52 · typical 7:07
    8. Vehicle PlantVehicle Plantdone 6:58 · typical 7:07
  4. 4

    Vehicle Plant to 10:00

    Economy
    • Wind Turbine5Wind
    • Energy Converter3Converter
    Order
    1. Advanced Vehicle PlantAdvanced Vehicle Plant after 11 wind, 11 converter, 7 con turret
    Builders
    • Construction Vehicle1 Con vehicle
    Army
    • Starlight2 Starlight
    • Umbra1 Jammer
    • Prophet1 Radar vehicle

    Some games also: con turret (49%) · T2 con vehicle for allies (48%) · Jaguar (31%)

    By 10:00 in all: 4 mex · 20 wind · 1 geo · 1 Advanced Geothermal Powerplant · 16 converter · 1 energy storage

    The example game in this phase · 60 steps
    1. BlitzBlitz ×20
    2. BlitzBlitz ×12for Suicide front
    3. SentrySentry
    4. BlitzBlitz ×2for Suicide front
    5. SentrySentry
    6. BlitzBlitz ×3for Suicide front
    7. SentrySentry
    8. BlitzBlitzfor Suicide front
    9. Construction VehicleCon vehicle
    10. SentrySentry
    11. BlitzBlitz ×2for Suicide front
    12. Advanced Vehicle PlantAdvanced Vehicle Plantnot finished by 15:00 · typical 8:07
    13. Con turret ×2
    14. Construction VehicleCon vehicle
    15. Advanced Vehicle PlantAdvanced Vehicle Plantdone 10:18
    16. AmbassadorAmbassador ×2done 10:32
    17. Advanced Construction VehicleT2 con vehiclefor Pond
    18. StarlightStarlightnot finished by 15:00 · typical 9:03
    19. ShredderShredder ×3done 11:09
    20. StarlightStarlight ×2
    21. UmbraJammer
    22. ProphetRadar vehicle
    23. JaguarJaguar ×2
    24. Con turret
    25. JaguarJaguar ×4
    26. Con turret
    27. JaguarJaguar
    28. Con turret
    29. JaguarJaguar ×3
    30. StarlightStarlight
    31. Advanced Construction VehicleT2 con vehiclefor Front
    32. StarlightStarlight
    33. Wind
    34. Con turret
    35. Wind ×3
    36. StarlightStarlight
    37. Wind ×4
    38. JaguarJaguar ×2
    39. Wind ×2
    40. JaguarJaguar
    41. Wind
    42. Converter
    43. JaguarJaguar
    44. Wind
    45. Con turret
    46. JaguarJaguar
    47. Converter
    48. Con turret
    49. JaguarJaguar
    50. Wind
    51. JaguarJaguar
    52. Wind ×2
    53. JaguarJaguar ×2
    54. Converter
    55. JaguarJaguar ×2
    56. Wind
    57. Aircraft PlantAircraft Plantdone 14:58
    58. Converter
    59. JaguarJaguar
    60. BlinkScout plane

Counts are medians over the build's games: half of them build more, half fewer. The example game is OldSpanker's (51 OS, 01/09/2026); pick another.

Team trades

IN AT LEAST 30% OF ITS GAMES

You hand over

  • Lazarus1 Lazarus to Beach seafirst at 2:16 · in 77% of games
  • Construction Bot1 Con bot to Beach seafirst at 2:30 · in 87% of games
  • Advanced Construction Vehicle1 T2 con vehicle to Suicide front or Frontfirst at 8:52 · in 62% of games

You get

  • Hercules1 Light transport from Airfirst at 4:19 · in 34% of games
  • Advanced Construction Bot1 T2 con bot from Techfirst at 4:48 · in 95% of games

How it plays out

Typical game of this build, running totals by minute

Metal produced

020k40k
0:005:0010:0015:00

metal

Enemy metal destroyed

05k10k15k
0:005:0010:0015:00

metal

Own metal lost

02.5k5k7.5k
0:005:0010:0015:00

metal

857 games.

Show as table
ByMetal produced: This buildEnemy metal destroyed: This buildOwn metal lost: This build
1:0033300
2:0082800
3:00152800
4:00270600
5:00372900
6:00572000
7:00814000
8:0011502021
9:001450952130
10:0017425627320
11:00204052075790
12:002330539821933
13:002611260863295
14:002900184934700
15:0031601103396090
WHAT THE NUMBERS SAY

Standard Geo build dominates the resource numbers, with zero own losses through 10:00 and a huge metal lead by 15:00.

  • + Metal produced hits 31426 by 15:00, highest of all six builds
  • + Own metal lost is 0 by 5:00 and only 334 by 10:00
  • − First Starlight only arrives in 57% of games by 9:19
  • − Advanced geothermal lands in just 69% of games by 7:16
THE EXAMPLE YOU ARE READING

OldSpanker

51.2 OS · 01/09/2026

Open source match ↗

2 received units · includes a constructor
3494 metal received · 193079 energy received

Allied construction assistance is unknown. Timings are observations, not a promise of solo reproducibility.

Typical milestones

Bot Lab1:12Middle 50%: 0:58–1:22 · n=856
Geothermal Powerplant3:26Middle 50%: 3:10–3:42 · n=854
Advanced Metal Extractor5:34Middle 50%: 5:18–5:56 · n=853
Advanced Geothermal Powerplant7:07Middle 50%: 6:49–7:34 · n=617
Vehicle Plant7:07Middle 50%: 6:41–7:40 · n=816
Advanced Vehicle Plant8:07Middle 50%: 7:41–8:47 · n=777
Starlight9:03Middle 50%: 8:32–9:52 · n=682

Played most by

0neTw086games of this buildzeus_on_god86games of this buildViltrum54games of this buildDamsko44games of this buildXad44games of this build
Standard geo · Armada Geo build order · BAR Build Atlas